 Dungeon Crawl Stone Soup version 0.30-a0-457-g4b7bca3bfa (webtiles) character file.

Game seed: 9736761098424891136

39 arthad the Insei (level 3, 0/27 HPs)
             Began as a Djinni Transmuter on Dec 13, 2022.
             Slain by a gnoll
             ... wielding a +0 flail
              (6 damage)
             ... on level 2 of the Dungeon.
             The game lasted 00:03:07 (1647 turns).

arthad the Insei (Djinni Transmuter)                Turns: 1647, Time: 00:03:07

Health: 0/27       AC:  2    Str:  9    XL:     3   Next: 70%
Gold:   91         EV: 20    Int: 16    God:
                   SH:  0    Dex: 18

rFire   . . .      SeeInvis +      - Unarmed
rCold   . . .      Faith    .    (shield currently unavailable)
rNeg    . . .      Spirit   .    (body armour currently unavailable)
rPois   ∞          Reflect  .    (helmet currently unavailable)
rElec   .          Harm     .    (cloak currently unavailable)
rCorr   .          Rampage  .    (gloves currently unavailable)
Will    .....                    (boots unavailable)
Stlth   ++........               (no amulet)
HPRegen 0.24/turn                f - ring of see invisible
MPRegen 0.00/turn                (no ring)

@: spider-form, flying, very slightly contaminated
A: venomous fangs, flying, sickness immunity, tiny, (fire resistance 2), (cold
vulnerability 1), float, innate caster, HP casting, extra vitality 1
a: End Transformation


You were on level 2 of the Dungeon.
You were a venomous arachnid creature.
You visited 1 branch of the dungeon, and saw 3 of its levels.

You collected 91 gold pieces.

Inventory:

Missiles
 n - 5 poisoned darts
Armour
 a - a +0 robe (melded)
 i - a +0 kite shield
Jewellery
 f - a ring of see invisible (left front leg)
Scrolls
 c - 2 scrolls of teleportation
 d - 3 scrolls of identify {unknown}
 e - a scroll of immolation {unknown}
 m - a scroll of blinking {unknown}
 o - a scroll of enchant armour {unknown}
Potions
 b - a potion of lignification
 g - a potion of heal wounds {unknown}
 h - a potion of ambrosia {unknown}
 j - a potion of haste {unknown}
 k - a potion of curing {unknown}
 l - 2 potions of attraction {unknown}


   Skills:
 * Level 1.6 Fighting
 + Level 0.6 Armour
 + Level 2.5 Dodging
 + Level 0.4 Stealth
 * Level 3.3 Unarmed Combat
 * Level 2.0 Spellcasting


You couldn't memorise any spells.
You knew the following spells:

 Your Spells              Type           Power      Damage    Failure   Level
a - Beastly Appendage     Tmut           16%        N/A       22%         1
b - Wereblood             Tmut           8%         N/A       32%         2
c - Spider Form           Tmut/Pois      8%         N/A       47%         3
d - Ice Form              Ice/Tmut       8%         N/A       83%         4
e - Kiss of Death         Conj/Necr      32%        2d7       22%         1
Your spell library was empty.

Dungeon Overview and Level Annotations

Branches:
Dungeon (3/15)

Altars:
Ru


Innate Abilities, Weirdness & Mutations

You are a venomous arachnid creature.
You have poisonous fangs.
You are tiny and dextrous.
You are flying.
Your spellcasting is less reliable in this form.
Your armour is entirely melded.
You are incapable of wielding weapons or throwing items.
You are immune to sickness and miasma.
You are immune to poison.
((Your flesh is very heat resistant. (rF++)))
((You are vulnerable to cold. (rC-)))
You float through the air rather than walking.
You learn spells naturally, not from books.
Your magical power is your life essence.
You have superior vitality. (+4 MHP)


Message History

The endoplasm freezes you.
You are frozen.
You hit the endoplasm.
You kill the endoplasm!
No target in view!
No target in view!
No target in view!
No target in view!
No target in view!
No target in view!
No target in view!
Casting: Beastly Appendage (safe; 9% risk of failure)
Press: ? - help, Q - select action, (/) - cycle Dir - look around, f - activate You grow a pair of large bovine horns.
The gnoll hits you with a +0 flail!
You hit the gnoll.
The gnoll is lightly wounded.
The gnoll hits you with a +0 flail.
You are too injured to fight recklessly!
You are too injured to fight recklessly!
Casting: Beastly Appendage (safe; 9% risk of failure)
Confirm with . or Enter, or press ? or * to list all spells.
The spell is extremely dangerous to miscast (26% risk of failure)!
Continue anyway?
You miscast Spider Form.
You are very lightly contaminated with residual magic.
Nothing appears to happen.
* * * LOW HITPOINT WARNING * * *
The gnoll barely misses you.
Casting: Spider Form (extremely dangerous; 26% risk of failure)
Confirm with . or Enter, or press ? or * to list all spells.
The spell is extremely dangerous to miscast (26% risk of failure)!
Continue anyway?
Your horns disappear.
You turn into a venomous arachnid creature.
Your +0 robe melds into your body.
* * * LOW HITPOINT WARNING * * *
The gnoll closely misses you.
You hit the gnoll but do no damage.
The gnoll is poisoned.
The gnoll is lightly wounded.
The gnoll hits you with a +0 flail.
You die...

#.##.###### #.# #.........# #.#
#.# #..###.##.# #.# #.# #..#
#....# #.# #.# ##.###.##.# #.#
#.# #.....##.# #.# #.#
######.####.# #.# ###.#####
##...##.####.###.# #.....#..
#.###.#......gs..######.....#.#
#.# #........##...............#
###.###.######.##.#######.....###
.......#######.##.# #........
#########......)#.# ###.##.#.
######...###....# #.##...
................# #.###.#
#####...###....# #.# #.# # ##.##
##.#.## #.# #.#


You could see a gnoll (very poisoned).

Vanquished Creatures
  An adder (D:2)
  3 ball pythons
  5 endoplasms
  2 giant cockroaches
  3 goblins
  A hobgoblin (D:2)
  2 quokkas (D:1)
  2 bats
  3 frilled lizards (D:1)
  A kobold (D:1)
  6 rats
29 creatures vanquished.

Notes
Turn   | Place    | Note
-------+----------+-------------------------------------------
     0 | D:1      | arthad the Djinni Transmuter began the quest for the Orb.
     0 | D:1      | arthad set off with the following spells memorised: Beastly
                  | Appendage, Wereblood, Spider Form, Ice Form.
     0 | D:1      | Reached XP level 1. HP: 17/17 MP: 0/0
   209 | D:1      | Reached XP level 2. HP: 21/22 MP: 0/0
   866 | D:2      | Found a sacrificial altar of Ru.
   900 | D:2      | Reached XP level 3. HP: 14/27 MP: 0/0
   900 | D:2      | Learned a level 1 spell: Kiss of Death
  1349 | D:2      | You are sucked into a shaft and drop 1 floor!
  1647 | D:2      | Slain by a gnoll

Illustrated notes

Levels and vault maps discovered:
D:1:      nicolae_arrival_somewhat_less_tricky_arrival, layout_basic
D:2:      layout_loops_ring, basic_altar
D:3:      layout_loops_ring, nrook_mini_backslash

Skill      XL: |  1  2  3 |
---------------+----------+-----
Spellcasting   | 2 |  2.0
Fighting       | |  1.6
Armour         | |  0.6
Dodging        | |  2.5
Stealth        | |  0.4
Unarmed Combat | |  3.3

Action                   || total
-------------------------++-------
Melee: Unarmed           ||   125
       Headbutt          ||     9
       Punch             ||     5
 Cast: Beastly Appendage ||    18
       Spider Form       ||     1
  Use: Scroll            ||     1
Armor: Robe              ||    26
Dodge: Dodged            ||    78

Table legend: (Time is in decaauts)
 A = Elapsed time spent in this place.
 B = Non-inter-level travel time spent in this place.
 C = Inter-level travel time spent in this place.
 D = Time resting spent in this place.
 E = Time spent auto-exploring this place.
 F = Levels seen in this place.
 G = Mean time per level.
                   A        B        C        D        E       F      G
               +--------+--------+--------+--------+--------+-----+--------+
         Total |   1640 |   1630 |     10 |    168 |   1141 |   3 |  546.7 |
       Dungeon |   1640 |   1630 |     10 |    168 |   1141 |   3 |  546.7 |
               +--------+--------+--------+--------+--------+-----+--------+

Top non-repeatable levels by time:
     D:1: 863 daAuts
     D:2: 747 daAuts
     D:3: 29 daAuts
